Map: Overgrowth LE (Void)

Players

Tanagra - Winner!

  • Race: Zerg Zerg
  • League: Diamond
  • Spawn Location: 1:00

VOD

Have the link to the VOD?

Description

Time

  • Played on: Dec. 30, 2016, 5:07 p.m.
  • Length: 7:58
Show
View Real Time Build Order
Export as new Build Order

Tanagra Zerg - Winner!

Build Orders: Hatch First 

Get SALT Encoding   

  12  0:02  Drone  
  12  0:12  Overlord  
  12  0:17  Drone  
  12  0:30  Drone x2  
  12  0:35  Drone  
  12  0:52  Hatchery  
  12  0:55  Drone  
  12  0:59  Drone  
  12  1:03  Extractor  
  12  1:14  Spawning Pool  
  12  1:17  Drone  
  12  1:20  Drone  
  12  1:29  Drone  
  12  1:39  Overlord  
  12  2:01  Queen  
  12  2:07  Metabolic Boost  
  12  2:08  Queen  
  12  2:10  Zergling x6  
  12  2:11  Drone  
  12  2:14  Drone  
  12  2:24  Drone  
  12  2:26  Drone  
  12  2:33  Drone  
  12  2:36  Drone  
  12  2:43  Overlord  
  12  2:48  Drone  
  12  2:54  Drone  
  12  2:57  Drone  
  12  3:05  Queen  
  12  3:12  Drone  
  12  3:13  Drone  
  12  3:18  Hatchery, Drone  
  12  3:19  Drone x5  
  12  3:23  Overlord  
  12  3:26  Overlord  
  12  3:37  Roach Warren  
  12  3:42  Extractor  
  12  3:43  Extractor  
  12  3:45  Extractor  
  12  3:49  Drone x7  
  12  3:52  Drone x2  
  12  4:12  Overlord, Drone x2  
  12  4:14  Lair  
  12  4:16  Overlord x2  
  12  4:24  Roach x4  
  12  4:29  Overlord  
  12  4:32  Roach  
  12  4:33  Roach  
  12  4:36  Roach  
  12  4:39  Roach  
  12  4:41  Roach  
  12  4:48  Queen  
  12  4:49  Drone x2  
  12  4:58  Evolution Chamber  
  12  5:01  Evolution Chamber  
  12  5:02  Drone  
  12  5:03  Drone x3  
  12  5:06  Roach  
  12  5:07  Roach  
  12  5:09  Drone  
  12  5:11  Drone  
  12  5:13  Drone  
  12  5:15  Drone  
  12  5:19  Glial Reconstitution  
  12  5:26  Drone  
  12  5:27  Drone x4  
  12  5:29  Zerg Missile Weapons Level 1  
  12  5:34  Zerg Ground Armor Level 1  
  12  5:35  Ravager  
  12  5:36  Ravager x2  
  12  5:37  Ravager  
  12  5:43  Drone  
  12  5:44  Drone  
  12  5:45  Drone x4  
  12  5:47  Overlord  
  12  5:49  Overlord  
  12  5:52  Overlord  
  12  5:55  Overlord  
  12  6:07  Roach x4  
  12  6:08  Roach x2  
  12  6:09  Overlord  
  12  6:11  Overlord  
  12  6:13  Overlord  
  12  6:16  Roach x2  
  12  6:30  Hatchery  
  12  6:31  Roach x4  
  12  6:32  Roach  
  12  6:33  Roach  
  12  6:35  Roach  
  12  6:37  Roach  
  12  6:38  Roach  
  12  6:40  Overlord  
  12  6:42  Overlord  
  12  6:45  Overlord  
  12  6:49  Roach x2  
  12  6:50  Roach  
  12  6:51  Overlord  
  12  6:54  Overlord  
  12  7:02  Roach x5  
  12  7:04  Roach  
  12  7:06  Roach  
  12  7:08  Roach  
  12  7:09  Roach  
  12  7:14  Roach x3  
  12  7:16  Roach  
  12  7:17  Overlord  
  12  7:24  Roach x2  
  12  7:25  Roach  
  12  7:32  Roach  
  12  7:33  Roach x3  
  12  7:34  Roach  
  12  7:36  Roach  
  12  7:38  Roach  
Tags
 
Add a new tag
Caveats
  • Supply blocks, unpowered buildings, or Contaminate may cause inaccurate times.
  • Supply counts are checked every 10 seconds.